 Dungeon Crawl Stone Soup version 0.17-a0-1450-g7e755d1 (webtiles) character file.

84 HEYYEYAAE the Gusty (level 4, -1/32 HPs)
             Began as a Human Air Elementalist on June 30, 2015.
             Slain by Sigmund
             ... wielding a +0 scythe
              (2 damage)
             ... on level 2 of the Dungeon.
             The game lasted 00:04:50 (1914 turns).

HEYYEYAAE the Gusty (Human Air Elementalist)        Turns: 1914, Time: 00:04:50

Health: -1/32      AC:  3    Str:  8    XL:     4   Next: 72%
Magic:  6/8        EV: 12    Int: 17    God:
Gold:   127        SH:  0    Dex: 13    Spells: 1 memorised, 7 levels left

rFire  . . .     SeeInvis .     i - +3 mace (drain)
rCold  . . .     Clarity  .     a - +0 robe
rNeg   + . .     SustAt   .     (no shield)
rPois  .         Gourm    .     j - +0 helmet
rElec  .         Spirit   .     (no cloak)
rCorr  .         Warding  +     (no gloves)
rMut   .         Stasis   .     (no boots)
MR     .....                    d - amulet of warding
Stlth  ++........               (no ring)
                                (no ring)

@: drained, not resistant to hostile enchantments, unstealthy
A: no striking features
a: no special abilities


You were on level 2 of the Dungeon.
You were not hungry.

You visited 1 branch of the dungeon, and saw 2 of its levels.

You collected 127 gold pieces.

Inventory:

Hand weapons
 e - a +0 dagger
 i - a +3 mace of draining (weapon)
Armour
 a - a +0 robe (worn)
 j - a +0 helmet (worn)
Jewellery
 d - an amulet of warding (around neck)
Scrolls
 h - 2 scrolls of amnesia {unknown}
Potions
 c - a potion of cancellation
Books
 b - a book of Air

   Spells                             Type                      Level
   a - Shock                          Conjuration/Air              1
   b - Swiftness                      Charms/Air                   2
   c - Repel Missiles                 Charms/Air                   2
   d - Static Discharge               Conjuration/Air              3
   e - Lightning Bolt                 Conjuration/Air              5


   Skills:
 + Level 1.0(0.6) Fighting
 + Level 1.2(0.8) Armour
 + Level 2.4(2.0) Dodging
 - Level 2.0(1.6) Stealth
 * Level 2.9(2.5) Spellcasting
 - Level 1.0(0.6) Conjurations
 * Level 3.6(3.2) Air Magic


You had 7 spell levels left.
You knew the following spells:

 Your Spells              Type           Power        Failure   Level  Hunger
a - Shock                 Conj/Air       #...         10%         1    #......


Dungeon Overview and Level Annotations

Branches:
Dungeon (2/15)

Altars:

Annotations:
D:2 Sigmund


Message History

Okay, then.
Casting: Shock
Confirm with . or Enter, or press ? or * to list all spells.
Aiming: Shock
Press: ? - help, Shift-Dir - straight line, f - Sigmund
Aim: Sigmund, wielding a scythe and wearing an embroidered robe (heavily wounded, heavily drained)
The zap hits Sigmund.
Sigmund is severely wounded.
Sigmund gestures at you while chanting. The magic dart hits you!
* * * LOW HITPOINT WARNING * * *
Casting: Shock
Confirm with . or Enter, or press ? or * to list all spells.
Aiming: Shock
Press: ? - help, Shift-Dir - straight line, f/p - Sigmund
Aim: Sigmund, wielding a scythe and wearing an embroidered robe (severely wounded, heavily drained)
The zap hits Sigmund.
Sigmund is severely wounded.
Sigmund hits you with a scythe.
You die...

###.....##
l............ ....
###.....###.# ...#
........# #.######...#
........# #..........#
.......#
#..........##. #.....#
#...........'.
#.....###..........#
#.............@@...#
###......#############
.........# .....).).#
.....(...# .........#
(...##..## ..<.###.#
....# #.##


You could see Sigmund.

Vanquished Creatures
  Robin (D:2)
  2 adders
  A giant gecko (D:1)
  4 giant cockroaches
  16 goblins
  9 hobgoblins
  2 jackals (D:1)
  4 kobolds
  A ball python (D:1)
  5 bats
  A giant newt (D:1)
  6 rats (D:1)
52 creatures vanquished.

Notes
Turn   | Place    | Note
--------------------------------------------------------------
     0 | D:1      | HEYYEYAAE the Human Air Elementalist began the quest for the Orb.
     0 | D:1      | Reached XP level 1. HP: 13/13 MP: 3/3
    92 | D:1      | Reached XP level 2. HP: 7/20 MP: 1/5
   652 | D:1      | Reached XP level 3. HP: 18/25 MP: 2/6
  1281 | D:2      | Noticed Robin
  1296 | D:2      | Reached XP level 4. HP: 28/31 MP: 3/8
  1399 | D:2      | Reached skill level 1 in Armour
  1412 | D:2      | Killed Robin
  1514 | D:2      | Noticed Sigmund
  1543 | D:1      | Reached skill level 1 in Fighting
  1913 | D:2      | HP: 1/32 [Sigmund/magic dart (7)]
  1914 | D:2      | Slain by Sigmund

Vault maps used:
D:1:      shiori_arrival_maze
D:2:      uniq_sigmund, uniq_crazy_yiuf_cottage, uniq_robin

Action                   |  1- 3 |  4- 6 || total
-------------------------+-------+-------++-------
Melee: Dagger            |   108 |     7 ||   115
       Unarmed           |     7 |     5 ||    12
       Mace              |       |    22 ||    22
 Cast: Shock             |    33 |    21 ||    54
  Use: Potion            |     1 |     7 ||     8
       Scroll            |       |     2 ||     2
 Stab: Sleeping          |     4 |       ||     4
  Eat: Bread ration      |       |     1 ||     1
       Beef jerky        |       |     1 ||     1
       Chunk             |       |     1 ||     1
